 Dungeon Crawl Stone Soup version 0.32-a0-131-g9dbbe29261 (webtiles) character file.

Game seed: 2268865351556631139

3670 Dittersdorf the Warrior (level 10, -1/76 HPs)
             Began as a Gargoyle Fighter on Feb 8, 2024.
             Was an Initiate of Gozag.
             Slain by a hobgoblin
             ... wielding a +0 war axe
              (4 damage)
             ... in a bailey.
             The game lasted 00:08:29 (6466 turns).

Dittersdorf the Warrior (Gargoyle Fighter)          Turns: 6466, Time: 00:08:30

Health: -1/76      AC: 21    Str: 24    XL:     10   Next: 12%
Magic:  10/10      EV:  8    Int:  9    God:    Gozag
Gold:   687        SH:  5    Dex:  9    Spells: 6/9 levels left

rFire   + . .        g - +4 eveningstar (drain)
rCold   . . .        c - +0 buckler
rNeg    + . .        o - +0 chain mail
rPois   ∞            (no helmet)
rElec   +            n - +1 cloak {Will+}
rCorr   .            i - +0 pair of gloves
SInv    .            (no boots)
Will    +....        (no amulet) Stlth
                     k - +4 ring of slaying
HPRegen 0.32/turn    j - ring of protection from fire
MPRegen 0.12/turn

%: no passive effects
@: mighty, gold aura, studying Axes
A: sickness immunity, AC +7, negative energy resistance 1, electricity
resistance, torment resistance 1, petrification resistance
a: Renounce Religion, Potion Petition, Call Merchant, Bribe Branch


You were in a bailey.
You worshipped Gozag.
Gozag was pleased with you.
You visited 1 branch of the dungeon, and saw 7 of its levels.
You also visited: Bailey.

You collected 757 gold pieces.
You paid 70 gold pieces to Gozag.

Inventory:

Hand Weapons
 g - a +4 eveningstar of draining (weapon)
Armour
 c - a +0 buckler (worn)
 i - a +0 pair of gloves (worn)
 n - a +1 cloak of willpower (worn)
 o - a +0 chain mail (worn)
 p - a +0 plate armour
Jewellery
 f - a ring of ice
 j - a ring of protection from fire (right hand)
 k - a +4 ring of slaying (left hand)
Wands
 e - a wand of light (9) (quivered)
 q - a wand of flame (4)
Scrolls
 b - 3 scrolls of teleportation
Potions
 d - a potion of might
 m - 2 potions of invisibility {unknown}
 r - a potion of cancellation {unknown}


   Skills:
 + Level 15.2 Fighting
 + Level 5.7 Maces & Flails
 + Level 6.7 Armour
 + Level 6.7 Shields


You had 6 spell levels left.
You knew the following spells:

 Your Spells              Type           Power      Damage    Failure   Level
a - Passwall              Erth           0%         N/A       100%        3

Your spell library contained the following spells:

 Spells                   Type           Power      Damage    Failure   Level
 Sandblast                Erth           0%         2d4       93%         1
 Stone Arrow              Conj/Erth      0%         3d7       100%        3
 Brom's Barrelling Bould  Conj/Erth      0%         2d3       100%        4


Dungeon Overview and Level Annotations

Branches:
Dungeon (7/15)             Temple (0/1) D:7          Bailey (1/1)

Altars:
Gozag
Nemelex Xobeh
Xom
Yredelemnul

Shops:
D:5 [


Innate Abilities, Weirdness & Mutations

You are immune to sickness and miasma.
Your stone body is resilient. (AC +7)
You are immune to poison.
You resist negative energy. (rN+)
You are resistant to electric shocks. (rElec)
You are resistant to unholy torment.
You are immune to petrification.


Message History

You feel better.
The orc warrior hits you with a +0 war axe.
The orc warlord hits you with a +6 executioner's axe.
You puncture the orc warrior! You drain the orc warrior.
The orc warrior is heavily wounded.
The orc warrior hits you with a +0 war axe!
* * * LOW HITPOINT WARNING * * *
You block the orc warlord's attack.
You feel much better. The orc warrior barely misses you.
The orc warlord hits you with a +6 executioner's axe!
You hit the orc warrior. You drain the orc warrior.
The orc warrior is severely wounded.
You block the orc warlord's attack. x2
You bludgeon the orc warrior!!
You kill the orc warrior!
The orc warrior no longer looks unusually strong.
The orc warlord hits you with a +6 executioner's axe!!
* * * LOW HITPOINT WARNING * * *
The orc warlord roars a battlecry!
The orc warrior goes into a battle-frenzy!
The orc warrior attacks as it pursues you!
The orc warrior hits you with a +0 war axe.
* * * LOW HITPOINT WARNING * * *
You feel much better.
You feel better.
Okay, then.
You hit the orc warlord but do no damage.
You drain the orc warlord.
The orc warlord is moderately wounded.
You bludgeon the orc warrior!!
You kill the orc warrior!
The orc warlord hits you with a +6 executioner's axe!
* * * LOW HITPOINT WARNING * * *
The orc warlord hits you with a +6 executioner's axe!
* * * LOW HITPOINT WARNING * * *
You barely miss the orc warlord.
The orc warlord is moderately wounded.
The hobgoblin hits you with a +0 war axe.
You die...
Your body crumbles into a pile of gold.

###.### ###.#
###.....### ###....
##.........###......
#...........#.......
#.......).).')......
#.....⌠....)#.....⌠.
#.....))....#)).....
#...........#.).....
##o@.......###......
#g#.....### ###....
#...$.###.### ###.#
#!....... ### ###
??........ #.
!.........ß #.
∩....⌠.....' #.
?.........ß#. #.
??........ß##. #.


You could see an orc warlord (drained) and a hobgoblin.

Vanquished Creatures
  An orc knight (Bailey)
  A wraith (D:6)
  A water moccasin (D:6)
  10 orc warriors (Bailey)
  2 centaurs
  A phantom (D:5)
  A bullfrog (D:6)
  A scorpion (D:6)
  6 killer bees
  A howler monkey (D:6)
  3 bombardier beetles
  3 jellies
  5 hounds
  3 orc priests
  4 iguanas
  4 orc wizards
  7 gnolls
  8 adders
  2 ufetubi (D:6)
  A dart slug (D:1)
  3 ribbon worms
  24 orcs
  8 endoplasms
  3 giant cockroaches
  12 hobgoblins
  12 jackals
  3 quokkas
  5 ball pythons
  3 bats
  2 frilled lizards
  18 goblins
  12 kobolds
  6 rats
176 creatures vanquished.

Notes
Turn   | Place    | Note
-------+----------+-------------------------------------------
     0 | D:1      | Dittersdorf the Gargoyle Fighter began the quest for the
                  | Orb.
     0 | D:1      | Reached XP level 1. HP: 14/14 MP: 1/1
   182 | D:1      | Reached XP level 2. HP: 19/19 MP: 2/2
   260 | D:1      | Reached XP level 3. HP: 24/24 MP: 3/3
   926 | D:2      | Reached XP level 4. HP: 29/29 MP: 4/4
  1228 | D:2      | Reached skill level 4 in Fighting
  2613 | D:4      | Reached XP level 5. HP: 33/33 MP: 5/5
  2742 | D:4      | Reached XP level 6. HP: 39/39 MP: 6/6
  3068 | D:4      | Found a shimmering altar of Xom.
  3123 | D:4      | Reached skill level 5 in Fighting
  3347 | D:4      | Reached skill level 5 in Armour
  3347 | D:4      | Reached skill level 5 in Shields
  3347 | D:4      | Reached XP level 7. HP: 44/44 MP: 7/7
  3506 | D:5      | Entered Level 5 of the Dungeon
  3516 | D:5      | Reached skill level 14 in Fighting
  3516 | D:5      | Reached XP level 8. HP: 65/65 MP: 8/8
  3750 | D:5      | Found Omaf Patutew's Antique Armour Shoppe.
  3859 | D:5      | Found a sparkling altar of Nemelex Xobeh.
  3859 | D:5      | Found a basalt altar of Yredelemnul.
  4621 | D:6      | Found an opulent altar of Gozag.
  4627 | D:6      | Became a worshipper of Gozag Ym Sagoz the Greedy
  4816 | D:6      | Reached XP level 9. HP: 63/70 MP: 9/9
  4895 | D:6      | Learned a level 3 spell: Passwall
  5558 | D:7      | Found a flagged portal.
  5567 | Bailey   | Entered a bailey
  5823 | Bailey   | Reached skill level 5 in Maces & Flails
  6179 | Bailey   | Reached skill level 15 in Fighting
  6322 | Bailey   | Noticed an orc knight
  6334 | Bailey   | Killed an orc knight
  6335 | Bailey   | Reached XP level 10. HP: 53/76 MP: 10/10
  6447 | Bailey   | Noticed an orc warlord
  6461 | Bailey   | HP: 2/76 [orc warrior/+0 war axe (4)]
  6466 | Bailey   | Slain by a hobgoblin

Illustrated notes

Levels and vault maps discovered:
D:1:      lightli_iron_boxes, layout_basic
D:2:      layout_loops_ring
D:3:      layout_loops_corners
D:4:      layout_basic, mainiacjoe_overflow_chevrons
D:5:      layout_cave_pods, nicolae_overflow_two_pavilions, serial_shops,
          nicolae_shop_dealshenge
D:6:      layout_loops_ring, grunt_gozag_statues, kennysheep_doodads,
          hangedman_decor_peaks_small, minmay_manual_moon
D:7:      layout_loops_cross, minmay_temple_entry_nine_rooms, enter_bailey_8
Bailey:   bailey_axe_minmay_hex_keep, bailey

Skill      XL: |  1  2  3  4  5  6  7  8  9 |
---------------+----------------------------+-----
Fighting       | 4 5 14 15 | 15.2
Armour         | 4 5 6 |  6.7
Shields        | 4 5 6 |  6.7
Maces & Flails | 3 4 5 |  5.7

Action                     |  1- 3 |  4- 6 |  7- 9 | 10-12 || total
---------------------------+-------+-------+-------+-------++-------
  Melee: Flail             |    88 |   191 |   324 |     2 ||   605
         Eveningstar       |       |       |       |    20 ||    20
    Use: Scroll            |       |       |    11 |       ||    11
         Potion            |       |       |     2 |     5 ||     7
   Stab: Distracted        |       |       |     1 |       ||     1
 Armour: Scale mail        |    51 |   120 |       |       ||   171
         Chain mail        |       |    62 |   380 |    25 ||   467
  Dodge: Dodged            |    39 |    97 |   140 |     7 ||   283
  Block: Buckler           |    16 |    50 |    84 |     6 ||   156

Table legend: (Time is in decaauts)
 A = Elapsed time spent in this place.
 B = Non-inter-level travel time spent in this place.
 C = Inter-level travel time spent in this place.
 D = Time resting spent in this place.
 E = Time spent auto-exploring this place.
 F = Levels seen in this place.
 G = Mean time per level.
                   A        B        C        D        E       F      G
               +--------+--------+--------+--------+--------+-----+--------+
         Total |   6625 |   6343 |    282 |    669 |   4137 |   8 |  828.1 |
       Dungeon |   5700 |   5418 |    282 |    192 |   4081 |   7 |  814.3 |
        Bailey |    924 |    924 |      0 |    477 |     56 |   1 |  924.0 |
               +--------+--------+--------+--------+--------+-----+--------+

Top non-repeatable levels by time:
     D:4: 1124 daAuts
     D:3: 1039 daAuts
     D:6: 982 daAuts
     D:5: 972 daAuts
  Bailey: 924 daAuts
     D:2: 776 daAuts
     D:1: 695 daAuts
     D:7: 109 daAuts
